 Dungeon Crawl Stone Soup version 0.32-a0-163-g159c032296 (webtiles) character file.

Game seed: 2534180419230159071

295 zeratav the Trooper (level 6, -3/67 HPs)
             Began as an Oni Warper on Feb 11, 2024.
             Killed by divine providence
             ... invoked by an orc priest
              (15 damage)
             ... on level 3 of the Dungeon.
             The game lasted 00:07:13 (3029 turns).

zeratav the Trooper (Oni Warper)                    Turns: 3029, Time: 00:07:13

Health: -3/67      AC:  3    Str: 17 (18) XL:     6   Next: 34%
Magic:  9/9        EV:  9    Int: 12 (14) God:
Gold:   201        SH:  0    Dex:  7 (8)  Spells: 7/9 levels left

rFire   . . .        a - +0 mace {mace}
rCold   . . .        (no shield)
rNeg    . . .        b - +0 robe
rPois   .            (helmet restricted)
rElec   .            (no cloak)
rCorr   .            (gloves unavailable)
SInv    .            (boots unavailable)
Will    .....        m - amulet of magic regeneration
Stlth   +            (no ring)
HPRegen 0.31/turn    (no ring)
MPRegen 0.51/turn

%: no passive effects
@: no status effects
A: large, unfitting armour, horns 1, tough skin 1, double potion healing,
drunken brawling
a: no special abilities


You were on level 3 of the Dungeon.
You visited 1 branch of the dungeon, and saw 3 of its levels.

You collected 266 gold pieces.
You spent 65 gold pieces at shops.


Innate Abilities, Weirdness & Mutations

You are too large for most types of armour.
You have a pair of small horns on your head.
You have tough skin. (AC +1)
You gain doubled healing and magic from potions.
Whenever you drink a healing potion, you attack all around you.


   Skills:
 + Level 6.3 Fighting
 + Level 4.7 Maces & Flails
 - Level 1.0 Throwing
 - Level 2.1 Dodging
 - Level 2.4 Spellcasting
 - Level 2.6 Translocations


You had 7 spell levels left.
You knew the following spells:

 Your Spells              Type           Power      Damage    Failure   Level
a - Blink                 Tloc           14%        N/A       13%         2

Your spell library contained the following spells:

 Spells                   Type           Power      Damage    Failure   Level
 Apportation              Tloc           14%        N/A       9%          1
 Lesser Beckoning         Tloc           14%        N/A       13%         2
 Teleport Other           Tloc           7%         N/A       26%         3
 Jinxbite                 Hex            2%         N/A       36%         2
 Manifold Assault         Tloc           7%         N/A       65%         4
 Vhi's Electric Charge    Tloc/Air       8%         N/A       83%         4
 Alistair's Intoxication  Alch           0%         N/A       100%        5

Inventory:

Hand Weapons
 a - a +0 mace (weapon) {mace}
Missiles
 d - 7 darts of dispersal {=fthrowing}
 e - 2 poisoned darts {throwing}
 o - 3 javelins (quivered) {throwing}
Armour
 b - a +0 robe (worn)
Jewellery
 m - an amulet of magic regeneration (around neck)
   (You found it on level 1 of the Dungeon)
Talismans
 s - a maw talisman
   (You found it on level 2 of the Dungeon)
Wands
 q - a wand of charming (2)
   (You found it on level 2 of the Dungeon)
Scrolls
 c - a scroll of blinking {!r}
 g - a scroll of teleportation {@r4}
 j - a scroll of enchant armour
 n - a scroll of fog
 p - a scroll of fear
Potions
 f - 2 potions of curing {@q1}
 h - a potion of heal wounds {@q2}
 r - a potion of enlightenment

Dungeon Overview and Level Annotations

Branches:
Dungeon (3/15) Zot: 14893

Altars:

Shops:
D:2 *

Annotations:
D:1 exclusion: 2 downstairs

...##...................#........
...##.....).............#........
...##....................####....
##.##.....).o)...................
......#.....%...........>........
..... #....####.....<............
......#....# #..................
...........# ##o###.....##......
...........#####@# #.....##......
.................###.....##'##.##
.........##......................
...##....##.............##......#
........................##.......
.........#..............##.......
........................###).#...
....................###....).#...
.............................#...


You could see an orc priest.


Message History

You take 4 damage, and now have 51/67 hp.
You miss the orc wizard. Your headbutt misses the orc wizard.
The orc wizard gestures at you while chanting.
The magic dart hits you! The kobold hits you but does no damage.
HP[-8]
You take 8 damage, and now have 43/67 hp.
You closely miss the orc wizard.
You headbutt the orc wizard, but do no damage.
The orc wizard hits you with a +0 dagger.
The kobold closely misses you.
HP[-1]
You take 1 damage, and now have 42/67 hp.
You hit the orc wizard but do no damage.
Your headbutt misses the orc wizard.
The orc wizard hits you but does no damage.
The kobold hits you with a +0 whip.
HP[-2]
You take 2 damage, and now have 40/67 hp.
You closely miss the orc wizard. The orc wizard barely misses you.
The kobold barely misses you.
You miss the orc wizard. Your headbutt misses the orc wizard.
The orc wizard hits you with a +0 dagger.
The kobold hits you with a +0 whip.
The orc wizard hits you with a +0 dagger.
* * * LOW HITPOINT WARNING * * *
The kobold hits you but does no damage.
HP[-8]
You take 8 damage, and now have 32/67 hp.
You completely miss the orc wizard. Your punch misses the orc wizard.
The kobold barely misses you. The orc wizard closely misses you.
You sock the orc wizard!
You kill the orc wizard!
The kobold hits you with a +0 whip.
* * * LOW HITPOINT WARNING * * *
HP[-1]
You take 1 damage, and now have 31/67 hp.
You barely miss the kobold. Your headbutt misses the kobold.
The kobold completely misses you.
HP[+1]
You hit the kobold.
You kill the kobold!
Things that are here:
a +0 whip {mace}; a stone {throwing}; a kobold corpse HP[+1]
You start resting.
An orc priest comes into view. It is wielding a +0 dagger.
HP[+7]
You regained 7 hp, and now have 40/67 hp.
Things that are here:
a +0 whip {mace}; a stone {throwing}; a kobold corpse The orc priest shouts!
HP[+1]
You see here a +0 short sword {short}.
HP[+1]
The orc priest invokes the aid of Beogh against you.
Beogh smites you!
* * * LOW HITPOINT WARNING * * *
HP[-9]
You take 9 damage, and now have 33/67 hp.
HP[+1]
The orc priest hits you with a +0 dagger.
* * * LOW HITPOINT WARNING * * *
HP[-3]
You take 3 damage, and now have 31/67 hp.
You hit the orc priest.
The orc priest hits you with a +0 dagger.
* * * LOW HITPOINT WARNING * * *
HP[-3]
You take 3 damage, and now have 28/67 hp.
You hit the orc priest but do no damage.
You headbutt the orc priest.
The orc priest hits you but does no damage.
The orc priest closely misses you.
You hit the orc priest but do no damage.
The orc priest invokes the aid of Beogh against you.
Beogh smites you!
* * * LOW HITPOINT WARNING * * *
HP[-13]
You take 13 damage, and now have 15/67 hp.
You hit the orc priest but do no damage.
Your headbutt misses the orc priest.
The orc priest hits you with a +0 dagger.
* * * LOW HITPOINT WARNING * * *
HP[-4]
You take 4 damage, and now have 11/67 hp.
You hit the orc priest but do no damage.
The orc priest looks encouraged for a moment.
HP[+1]
You hit the orc priest. Your punch misses the orc priest.
The orc priest miscasts a cantrip.
You closely miss the orc priest. Your headbutt misses the orc priest.
The orc priest barely misses you.
You hit the orc priest but do no damage.
The orc priest hits you but does no damage.
The orc priest hits you with a +0 dagger.
* * * LOW HITPOINT WARNING * * *
You closely miss the orc priest.
The orc priest mumbles some strange prayers to Beogh against you.
Beogh smites you!
You die...

Skill      XL: |  1  2  3  4  5 |
---------------+----------------+-----
Fighting       | 3 4 5 6 |  6.3
Maces & Flails | 3 4 |  4.7
Throwing       | |  1.0
Dodging        | |  2.1
Spellcasting   | |  2.4
Translocations | |  2.6

Action                     |  1- 3 |  4- 6 || total
---------------------------+-------+-------++-------
  Melee: Mace              |   151 |   151 ||   302
         Headbutt          |    20 |    16 ||    36
         Punch             |     1 |     1 ||     2
  Throw: Javelin           |       |     4 ||     4
   Cast: Blink             |     2 |     2 ||     4
    Use: Potion            |       |     5 ||     5
         Scroll            |       |     4 ||     4
 Armour: Robe              |   173 |   162 ||   335
  Dodge: Dodged            |    98 |    87 ||   185

Levels and vault maps discovered:
D:1:      sevenhm_arrival_forest_fort_small_4, layout_rooms,
          shapermc_ecumenical_altar_mp_ritualfount, minmay_hexomino_r4
D:2:      layout_rooms, serial_shops, shop,
          nicolae_concentric_dashed_squares_wild, minmay_split_cup_large,
          uniq_robin, uniq_natasha
D:3:      layout_basic

Notes
Turn   | Place    | Note
-------+----------+-------------------------------------------
     0 | D:1      | zeratav the Oni Warper began the quest for the Orb.
     0 | D:1      | Reached XP level 1. HP: 22/22 MP: 3/3
     0 | D:1      | magus.rc [v1.9.6]
    57 | D:1      | Reached skill level 3 in Fighting
    79 | D:1      | Reached XP level 2. HP: 13/31 MP: 5/5
   197 | D:1      | Learned a level 2 spell: Blink
   441 | D:1      | Reached XP level 3. HP: 38/39 MP: 6/6
   591 | D:1      | Found a faded altar of an unknown god.
   797 | D:2      | Reached skill level 3 in Maces & Flails
   801 | D:2      | Reached skill level 4 in Fighting
   833 | D:2      | Noticed Robin
  1077 | D:2      | Noticed a black bear
  1171 | D:2      | HP: 8/39 [black bear (4)]
  1177 | D:2      | HP: 5/39 [goblin/+0 club (3)]
  1181 | D:2      | Found Unaluz's General Store.
  1353 | D:2      | Reached XP level 4. HP: 44/49 MP: 7/7
  1667 | D:2      | Noticed Natasha
  1674 | D:2      | Killed Natasha
  1722 | D:2      | Noticed Natasha
  1730 | D:2      | Killed Natasha
  1731 | D:2      | Reached skill level 5 in Fighting
  1731 | D:2      | Reached XP level 5. HP: 39/57 MP: 8/8
  1793 | D:2      | Bought a potion of enlightenment for 65 gold pieces
  1900 | D:2      | Killed Robin
  2102 | D:2      | You pick up a book of Party Tricks and begin reading...
  2102 | D:2      | You add the spells Apportation, Jinxbite and Alistair's
                  | Intoxication to your library.
  2198 | D:3      | Reached skill level 4 in Maces & Flails
  2321 | D:3      | HP: 13/59 [orc/+0 flail (7)]
  2323 | D:3      | HP: 6/59 [orc/+0 flail (8)]
  2357 | D:3      | HP: 8/59 [orc/+0 flail (6)]
  2622 | D:3      | Reached skill level 6 in Fighting
  2622 | D:3      | Reached XP level 6. HP: 27/67 MP: 9/9
  3023 | D:3      | HP: 15/67 [orc priest/divine providence (14)]
  3028 | D:3      | HP: 12/67 [orc priest/+0 dagger (1)]
  3029 | D:3      | Killed from afar by an orc priest

Vanquished Creatures
  A hound (D:3)
  2 orc priests (D:3)
  2 orc wizards (D:3)
  Natasha (twice) (D:2)
  Robin (D:2)
  A dart slug (D:3)
  4 orcs (D:3)
  10 endoplasms
  2 giant cockroaches (D:1)
  16 goblins
  12 hobgoblins
  4 jackals
  2 quokkas
  4 ball pythons
  7 bats
  4 frilled lizards
  7 kobolds
  7 rats
88 creatures vanquished.

Table legend:
 A = Non-vault XP
 B = Vault XP
 C = Vault XP percentage of total XP
 D = Non-vault monster count
 E = Vault monster count
 F = Vault count percentage of total count
                 A         B        C        D         E       F
            +---------+---------+-------+---------+---------+-------
      Total |     340 |      82 |  19.4 |      69 |      19 |  21.6
            +---------+---------+-------+---------+---------+-------
        D:1 |      47 |      10 |  17.5 |      31 |       6 |  16.2
        D:2 |      71 |      70 |  49.6 |      22 |      12 |  35.3
        D:3 |     222 |       2 |   0.9 |      16 |       1 |   5.9
            +---------+---------+-------+---------+---------+-------

Skill      XL: |  1  2  3  4  5 |
---------------+----------------+-----
Fighting       | 3 4 5 6 |  6.3
Maces & Flails | 3 4 |  4.7
Throwing       | |  1.0
Dodging        | |  2.1
Spellcasting   | |  2.4
Translocations | |  2.6

Action                     |  1- 3 |  4- 6 || total
---------------------------+-------+-------++-------
  Melee: Mace              |   151 |   151 ||   302
         Headbutt          |    20 |    16 ||    36
         Punch             |     1 |     1 ||     2
  Throw: Javelin           |       |     4 ||     4
   Cast: Blink             |     2 |     2 ||     4
    Use: Potion            |       |     5 ||     5
         Scroll            |       |     4 ||     4
 Armour: Robe              |   173 |   162 ||   335
  Dodge: Dodged            |    98 |    87 ||   185

Illustrated notes

Table legend:
 A = Kills in this place as a percentage of kills in the entire game.
 B = Kills by you in this place as a percentage of kills by you in the entire game.
 C = Kills by friends in this place as a percentage of kills by friends in the entire game.
 D = Other kills in this place as a percentage of other kills in the entire game.
 E = Experience gained in this place as a percentage of experience gained in the entire game.
 F = Experience gained in this place divided by the number of levels of this place that you have seen.
                   A       B       C       D       E      F
               +-------+-------+-------+-------+-------+----------------------
         Total | 100.0 | 100.0 |   N/A |   N/A | 100.0 | 140.7
       Dungeon | 100.0 | 100.0 |   N/A |   N/A | 100.0 | 140.7
               +-------+-------+-------+-------+-------+----------------------

Table legend: (Time is in decaauts)
 A = Elapsed time spent in this place.
 B = Non-inter-level travel time spent in this place.
 C = Inter-level travel time spent in this place.
 D = Time resting spent in this place.
 E = Time spent auto-exploring this place.
 F = Levels seen in this place.
 G = Mean time per level.
                   A        B        C        D        E       F      G
               +--------+--------+--------+--------+--------+-----+--------+
         Total |   3105 |   2960 |    145 |   1066 |    971 |   3 | 1035.0 |
       Dungeon |   3105 |   2960 |    145 |   1066 |    971 |   3 | 1035.0 |
               +--------+--------+--------+--------+--------+-----+--------+

Top non-repeatable levels by time:
     D:1: 1168 daAuts
     D:3: 998 daAuts
     D:2: 937 daAuts
